 Dungeon Crawl Stone Soup version 0.17-a0-1778-gd369669 (webtiles) character file.

186 hexophile the Cudgeler (level 5, 0/54 HPs)
             Began as an Ogre Fighter on Sept 8, 2015.
             Slain by Grinder (6 damage)
             ... while paralysed by Grinder
             ... on level 4 of the Dungeon.
             The game lasted 00:03:33 (3333 turns).

hexophile the Cudgeler (Ogre Fighter)               Turns: 3333, Time: 00:03:33

Health: 0/54       AC:  3    Str: 26    XL:     5   Next: 65%
Magic:  5/5        EV:  1    Int:  7    God:
Gold:   168        SH:  0    Dex: 10    Spells: 0 memorised, 4 levels left

rFire  . . .     SeeInvis .     a - +0 flail
rCold  . . .     Clarity  .     b - +0 robe
rNeg   . . .     SustAt   .     (no shield)
rPois  .         Gourm    .     (helmet restricted)
rElec  .         Spirit   .     (no cloak)
rCorr  .         Warding  .     (gloves unavailable)
rMut   .         Stasis   .     (boots unavailable)
MR     .....                    (no amulet)
Stlth  +.........               (no ring)
                                (no ring)

@: paralysed, mighty, not resistant to hostile enchantments, very unstealthy
A: unfitting armour, tough skin 1
a: no special abilities


You were on level 4 of the Dungeon.
You were not hungry.

You visited 1 branch of the dungeon, and saw 4 of its levels.

You collected 168 gold pieces.

Inventory:

Hand weapons
 a - a +0 flail (weapon)
 r - a +0 mace of holy wrath
Missiles
 f - 165 stones (quivered)
Armour
 b - a +0 robe (worn)
Jewellery
 l - a +3 ring of protection {unknown}
Scrolls
 g - a scroll of fear {unknown}
 j - a scroll of fog {unknown}
 k - 2 scrolls of amnesia {unknown}
 o - 3 scrolls of remove curse
 t - a scroll of noise {unknown}
 x - a scroll of identify
Potions
 c - a potion of resistance {unknown}
 i - a potion of degeneration {unknown}
 m - a potion of curing {unknown}
 n - a potion of heal wounds {unknown}
 s - a potion of magic {unknown}
 u - 2 potions of lignification {unknown}
 v - a potion of beneficial mutation {unknown}
Comestibles
 e - 4 bread rations
 h - a fruit
 p - a royal jelly
 q - 2 meat rations
 w - 9 chunks of flesh


   Skills:
 - Level 4.0 Fighting
 + Level 7.5 Maces & Flails
 - Level 2.6 Dodging
   Level 2.6 Shields


You had 4 spell levels left.
You didn't know any spells.

Dungeon Overview and Level Annotations

Branches:
Dungeon (4/15)
 Temple: D:4-7

Altars:

Annotations:
D:4 Grinder


Innate Abilities, Weirdness & Mutations

You are too large for most types of armour.
You have tough skin (AC +1).


Message History

You can move again.
Unknown command.
You bludgeon Grinder!!
Grinder is almost dead.
Grinder barely misses you.
Unknown command.
You closely miss Grinder.
Grinder is almost dead.
Grinder hits you!
* * * LOW HITPOINT WARNING * * *
You writhe in agony.
* * * LOW HITPOINT WARNING * * *
Unknown command.
You hit Grinder.
Grinder is almost dead.
Grinder says, "DUCK!"
Grinder gestures at you.
You suddenly lose the ability to move!
Grinder hits you.
You die...

#.. .# #..# .#
#..###.#
.####..##..#
...........#
#...#..# # #.#...#
###.##.##..#
#...5@.....#
#.#(##.##..#####..#
# #....#.......#
#..<##.######.#
######.######
#.###...........
#.......#######
#.###.#### #.#


You could see Grinder.

Vanquished Creatures
  A centaur skeleton (D:3)
  An orc priest (D:3)
  6 adders
  2 oozes
  A worm (D:2)
  A giant gecko (D:1)
  5 orcs
  2 ball pythons
  5 bats
  2 giant cockroaches
  3 goblins (D:3)
  10 hobgoblins
  2 quokkas (D:3)
  4 giant newts
  9 kobolds
  8 rats
62 creatures vanquished.

Vanquished Creatures (others)
  A kobold (D:2)
1 creature vanquished.

Grand Total: 63 creatures vanquished

Notes
Turn   | Place    | Note
--------------------------------------------------------------
     0 | D:1      | hexophile the Ogre Fighter began the quest for the Orb.
     0 | D:1      | Reached XP level 1. HP: 24/24 MP: 1/1
   292 | D:1      | Reached XP level 2. HP: 32/32 MP: 2/2
  1010 | D:2      | Reached XP level 3. HP: 35/39 MP: 3/3
  1262 | D:2      | Reached skill level 5 in Maces & Flails
  1966 | D:2      | Reached XP level 4. HP: 32/48 MP: 4/4
  2297 | D:3      | Reached skill level 6 in Maces & Flails
  2469 | D:3      | Reached XP level 5. HP: 52/54 MP: 5/5
  2472 | D:3      | Found a faded altar to an unknown god.
  2656 | D:3      | Reached skill level 7 in Maces & Flails
  3317 | D:4      | Noticed Grinder
  3327 | D:4      | Paralysed by Grinder for 3 turns
  3332 | D:4      | Paralysed by Grinder for 4 turns
  3333 | D:4      | Slain by Grinder

Vault maps used:
D:1:      lightli_molten_gateway
D:2:      lemuel_old_faithful
D:3:      ecumenical_altar_1
D:4:      uniq_grinder

Action                   |  1- 3 |  4- 6 || total
-------------------------+-------+-------++-------
Melee: Flail             |   122 |   105 ||   227
  Use: Scroll            |     4 |       ||     4
       Potion            |       |     1 ||     1
  Eat: Chunk             |     3 |     5 ||     8
